 Dungeon Crawl Stone Soup version 0.27-a0-1548-gf8a67e7463 (webtiles) character file.

Game seed: 10999070826818069542

10789 garrulousMonolith the Fighter (level 11, -14/86 HPs)
             Began as a Djinni Air Elementalist on July 13, 2021.
             Was a High Priest of Okawaru.
             Demolished by an orc warrior (22 damage)
             ... in a bailey.
             The game lasted 00:19:05 (13994 turns).

garrulousMonolith the Fighter (DjAE)               Turns: 13994, Time: 00:19:06

Health: -14/86     AC: 10    Str: 11    XL:     11   Next: 99%
Gold:   383        EV: 17    Int: 19    God:    Okawaru [*****.] SH:  7 Dex: 18

rFire    + + +     SeeInvis .   e - +0 rapier (spect)
rCold    + + .     Faith    +   L - +0 kite shield of Hamoinn {rF++ Dex+3}
rNeg     . . .     Spirit   .   t - +3 leather armour {rC+}
rPois    ∞         Reflect  .   (no helmet)
rElec    .         Harm     .   E - +2 cloak {rPois}
rCorr    .         Rampage  .   A - +0 pair of gloves
Will     +....                  (boots unavailable)
Stlth    ++........             y - amulet "Zaez" {Faith rF+ rC++ Regen+ Str+4}
HPRegen  1.24/turn              r - +4 ring of slaying
MPRegen  0.00/turn              l - +4 ring of evasion

@: flying, very slightly contaminated
A: sickness immunity, fire resistance 2, cold vulnerability 1, float, innate
caster, hp casting, extra vitality 1
a: Renounce Religion, Heroism, Finesse


You were in a bailey.
You worshipped Okawaru.
Okawaru was extremely pleased with you.
You visited 2 branches of the dungeon, and saw 11 of its levels.
You also visited: Bailey.

You collected 568 gold pieces.
You spent 185 gold pieces at shops.

Inventory:

Hand Weapons
 e - a +0 spectral rapier (weapon)
 k - a +1 whip of electrocution
 x - a +0 war axe of flaming
 F - a +4 spear of venom
Missiles
 n - 29 poisoned darts
 D - a throwing net
Armour
 t - a +3 leather armour of cold resistance (worn)
 A - a +0 pair of gloves (worn)
 E - a +2 cloak of poison resistance (worn)
 I - +0 acid dragon scales
 L - the +0 kite shield of Hamoinn (worn) {rF++ Dex+3}
   (You found it on level 10 of the Dungeon)

   Dex:       It affects your dexterity (+3).
   rF:        It greatly protects you from fire.
Jewellery
 l - a +4 ring of evasion (right hand)
 p - a ring of positive energy
 r - a +4 ring of slaying (left hand)
 y - the amulet "Zaez" (around neck) {Faith rF+ rC++ Regen+ Str+4}
   (You acquired it on level 7 of the Dungeon)

   [amulet of faith]

   It allows you to gain divine favour quickly.
   Str:       It affects your strength (+4).
   rF:        It protects you from fire.
   rC:        It greatly protects you from cold.
   Regen:     It increases your rate of health regeneration.
Wands
 d - a wand of iceblast (15)
 o - a wand of polymorph (11)
 u - a wand of flame (21)
 H - a wand of acid (3)
 K - a wand of paralysis (5)
Scrolls
 b - 6 scrolls of teleportation
 c - a scroll of vulnerability
 f - a scroll of immolation
 g - a scroll of fear
 i - a scroll of torment
 j - a scroll of holy word {unknown}
 m - a scroll of enchant armour
 s - a scroll of magic mapping
 N - 8 scrolls of enchant weapon
 P - 2 scrolls of summoning
Potions
 a - 4 potions of haste
 h - 3 potions of mutation {unknown}
 q - 2 potions of brilliance
 v - a potion of attraction
 w - a potion of experience
 z - a potion of berserk rage {unknown}
 B - a potion of lignification {unknown}
 C - a potion of might
 G - a potion of resistance {unknown}
 M - a potion of cancellation {unknown}


   Skills:
 * Level 10.7 Fighting
 - Level 3.0 Armour
 + Level 8.6 Dodging
 - Level 2.0 Stealth
 * Level 8.8 Spellcasting
 - Level 5.0 Invocations


You had 3 spell levels left.
You knew the following spells:

 Your Spells              Type           Power      Damage    Failure   Level
a - Shock                 Conj/Air       100%       1d9       1%          1
b - Airstrike             Air            20%        N/A       21%         4
c - Static Discharge      Conj/Air       41%        N/A       3%          2
d - Swiftness             Air            41%        N/A       6%          3
e - Magic Dart            Conj           100%       1d8       1%          1
f - Ensorcelled Hibernat  Hex/Ice        82%        N/A       3%          2
g - Passwall              Tmut/Erth      34%        N/A       3%          2
h - Ice Form              Ice/Tmut       41%        N/A       21%         4
i - Irradiate             Conj/Tmut      20%        3d20      50%         5
Your spell library was empty.

Dungeon Overview and Level Annotations

Branches:
Dungeon (10/15)            Temple (1/1) D:6            Lair (0/6) D:10
 Bailey (1/1)
    Orc: D:9-12

Altars:
Ashenzari
Dithmenos
Elyvilon
Fedhas
Gozag
Hepliaklqana
Kikubaaqudgha
Makhleb
Nemelex Xobeh
Okawaru
Qazlal
Ru
Sif Muna
Trog
Uskayaw
Vehumet
Wu Jian
Xom
Yredelemnul
Zin
The Shining One

Shops:
D:6 *   D:8 ?


Innate Abilities, Weirdness & Mutations

You are immune to sickness and miasma.
You are immune to poison.
Your flesh is very heat resistant. (rF++)
You are vulnerable to cold. (rC-)
You float through the air rather than walking.
You learn spells naturally, not from books.
Your magical power is your life essence.
You have superior vitality. (+4 HP)


Message History

Aiming: Airstrike (dangerous; 21% risk of failure)
Press: ? - help, Dir - move target, f/p - orc knight
Aim: an orc knight, wielding a +0 halberd and wearing a +0 chain mail (moderately wounded)
The air twists around and strikes the orc knight!
The orc knight is moderately wounded.
The orc warrior hits you from afar with a +0 glaive!!
There is an open door here.
You reach down and close the door.
An orc warrior opens the door.
The orc knight hits you from afar with a +0 halberd!!
* * * LOW HITPOINT WARNING * * *
There is an open door here.
You feel much better. The orc warrior misses you.
Aiming: Paralyse
Press: ? - help, Shift-Dir - straight line, f/p - orc knight
Aim: an orc knight, wielding a +0 halberd and wearing a +0 chain mail (moderately wounded, chance to affect: 28%)
The orc knight suddenly stops moving!
The orc warrior hits you from afar with a +0 glaive!
The orc warrior hits you but does no damage.
The helpless orc knight fails to defend itself.
You puncture the orc knight!
The orc knight is moderately wounded.
Your spectral +0 spectral rapier hits the orc knight.
The orc warrior barely misses you. x2
The helpless orc knight fails to defend itself.
You puncture the orc knight!
The orc knight is severely wounded.
Your spectral +0 spectral rapier hits the orc knight!
You block the orc warrior's attack.
The helpless orc knight fails to defend itself.
You hit the orc knight.
The orc knight is severely wounded.
Your spectral +0 spectral rapier hits the orc knight but does no damage.
The orc warrior hits you with a +0 glaive!
The orc warrior hits you with a +0 glaive!!
* * * LOW HITPOINT WARNING * * *
You feel better.
The orc warrior hits you with a +0 glaive!!
* * * LOW HITPOINT WARNING * * *
The orc warrior hits you from afar with a +0 glaive!!
You die...

#.......#
#.......#
#..)....#
#..).)..#
#.))))).#
#....)..#
#...)...#
##.....##
###@###
#.§.#
#.oo#
#...#
#...#
###'###
##.....##
#....)..#
#..))...#


You could see an orc knight (paralysed) and an orc warrior (strong).

Vanquished Creatures
  Pikel (D:7)
  3 orc knights (Bailey)
  A manticore (D:9)
  A hornet (D:8)
  11 yaks
  3 wyverns
  2 wraiths (D:9)
  A basilisk (D:10)
  2 vampire mosquitoes (D:10)
  Edmund (D:5)
  Menkaure (D:5)
  Duvessa (D:5)
  An acid dragon (D:9)
  4 water moccasins
  2 black bears
  2 sky beasts
  11 orc warriors
  3 necrophages
  2 ogres
  5 centaurs
  4 lemures
  A kobold brigand (D:10)
  A phantom (D:5)
  A gnoll sergeant (D:8)
  3 scorpions
  A wyvern zombie (D:7)
  Dowan (D:5)
  A water moccasin zombie (D:7)
  10 killer bees
  3 wights (D:9)
  6 howler monkeys (D:7)
  2 electric eels (D:8)
  A bullfrog zombie (D:7)
  5 centaur zombies
  2 gnoll shamans
  2 hounds (D:6)
  A bullfrog skeleton (D:7)
  3 orc priests (D:8)
  A centaur skeleton (D:7)
  3 jellies (D:6)
  4 iguanas
  8 orc wizards
  A killer bee zombie (D:8)
  A hound skeleton (D:4)
  2 howler monkey zombies (D:7)
  17 gnolls
  A howler monkey skeleton (D:7)
  4 adders
  2 white imps
  An ufetubus (D:4)
  An adder skeleton (D:5)
  2 dart slugs
  35 orcs
  4 bats
  5 endoplasms
  2 giant cockroaches
  3 goblins
  8 hobgoblins
  14 kobolds
  5 quokkas
  6 ball pythons
  A frilled lizard (D:1)
  8 rats
245 creatures vanquished.

Vanquished Creatures (others)
  2 fungi (D:10)
  15 plants
17 creatures vanquished.

Grand Total: 262 creatures vanquished

Notes
Turn   | Place    | Note
-------+----------+-------------------------------------------
     0 | D:1      | garrulousMonolith the Djinni Air Elementalist began the
                  | quest for the Orb.
     0 | D:1      | Reached XP level 1. HP: 15/15 MP: 0/0
   130 | D:1      | Reached XP level 2. HP: 12/22 MP: 0/0
   436 | D:1      | Found a faded altar of an unknown god.
   704 | D:1      | Reached skill level 1 in Fighting
  1810 | D:2      | Reached XP level 3. HP: 26/27 MP: 0/0
  1810 | D:2      | Learned a level 1 spell: Magic Dart
  2643 | D:3      | Noticed a sky beast
  2652 | D:3      | HP: 1/27 [sky beast (5)]
  2658 | D:3      | Killed a sky beast
  2659 | D:3      | Reached skill level 2 in Fighting
  2659 | D:3      | Reached XP level 4. HP: 2/34 MP: 0/0
  2659 | D:3      | Reached XP level 5. HP: 2/39 MP: 0/0
  2659 | D:3      | Learned a level 2 spell: Ensorcelled Hibernation
  4168 | D:4      | Reached skill level 3 in Fighting
  4168 | D:4      | Reached XP level 6. HP: 8/46 MP: 0/0
  4547 | D:4      | Noticed a necrophage
  4555 | D:4      | Killed a necrophage
  4998 | D:5      | Entered Level 5 of the Dungeon
  5002 | D:5      | Noticed an ogre
  5014 | D:5      | Killed an ogre
  5015 | D:5      | Reached skill level 4 in Fighting
  5015 | D:5      | Reached XP level 7. HP: 25/52 MP: 0/0
  5015 | D:5      | Learned a level 2 spell: Passwall
  5665 | D:5      | Noticed Menkaure
  5671 | D:5      | Killed Menkaure
  6276 | D:5      | Reached XP level 8. HP: 52/58 MP: 0/0
  6396 | D:5      | Noticed Edmund
  6410 | D:5      | Killed Edmund
  6411 | D:5      | Reached skill level 5 in Fighting
  6411 | D:5      | Reached skill level 1 in Armour
  7142 | D:5      | Noticed Duvessa
  7142 | D:5      | Noticed Dowan
  7154 | D:5      | Killed Duvessa
  7167 | D:5      | Killed Dowan
  7168 | D:5      | Reached skill level 5 in Spellcasting
  7443 | D:5      | Reached skill level 5 in Dodging
  7473 | D:5      | Got Sif Muna's Incunabulum of Dark Rituals
  7750 | D:5      | Reached skill level 6 in Fighting
  7997 | D:6      | Found Bynonici's General Store.
  8010 | D:6      | Reached XP level 9. HP: 45/66 MP: 0/0
  8010 | D:6      | Learned a level 4 spell: Ice Form
  8289 | D:6      | Bought a scroll of identify for 28 gold pieces
  8332 | D:6      | Found a staircase to the Ecumenical Temple.
  8420 | Temple   | Entered the Ecumenical Temple
  8487 | Temple   | Became a worshipper of Warmaster Okawaru
  8844 | D:6      | Reached skill level 1 in Invocations
  8893 | D:6      | Found a broken altar of Ashenzari.
  9063 | D:6      | Found an opulent altar of Gozag.
  9437 | D:7      | Noticed Pikel
  9438 | D:7      | Reached skill level 7 in Fighting
 10039 | D:7      | Killed Pikel
 10039 | D:7      | Reached * piety under Okawaru
 10328 | D:7      | Reached XP level 10. HP: 64/76 MP: 0/0
 10518 | D:7      | Found a white marble altar of Elyvilon.
 10635 | D:7      | Found a burning altar of Makhleb.
 10883 | D:7      | Identified 3 scrolls of acquirement
 10885 | D:7      | Acquired an amulet of regeneration
 10978 | D:7      | Reached skill level 8 in Fighting
 10989 | D:7      | Found a basalt altar of Yredelemnul.
 10998 | D:7      | Reached ** piety under Okawaru
 11232 | D:7      | Acquired a +2 cloak of poison resistance
 11239 | D:7      | Acquired the amulet "Zaez" {Faith rF+ rC++ Regen+ Str+4}
 12013 | D:8      | Found a blossoming altar of Fedhas.
 12185 | D:8      | Found Refanops's Magic Scroll Boutique.
 12191 | D:8      | Bought a scroll of blinking for 112 gold pieces
 12191 | D:8      | Bought a scroll of teleportation for 45 gold pieces
 12477 | D:9      | Reached *** piety under Okawaru
 12538 | D:9      | Noticed a manticore
 12556 | D:9      | Killed a manticore
 12557 | D:9      | Reached skill level 9 in Fighting
 12610 | D:9      | Reached **** piety under Okawaru
 12717 | D:9      | Reached XP level 11. HP: 79/84 MP: 0/0
 12717 | D:9      | Learned a level 5 spell: Irradiate
 13232 | D:10     | Entered Level 10 of the Dungeon
 13286 | D:10     | Reached skill level 5 in Invocations
 13289 | D:10     | Reached ***** piety under Okawaru
 13295 | D:10     | Reached skill level 10 in Fighting
 13342 | D:10     | Found a staircase to the Lair.
 13362 | D:10     | Found a flagged portal.
 13364 | D:10     | Identified the +0 kite shield of Hamoinn {rF++ Dex+3}
 13374 | Bailey   | Entered a bailey
 13667 | Bailey   | Noticed an orc knight
 13671 | Bailey   | Noticed an orc knight
 13675 | Bailey   | Identified the +7 longbow of Blood-Lust {freeze, rF+ rN+
                  | rCorr Str-3} (Okawaru gifted it to you in a bailey)
 13675 | Bailey   | Received a gift from Okawaru
 13705 | Bailey   | Killed an orc knight
 13711 | Bailey   | Killed an orc knight
 13825 | Bailey   | Noticed an orc knight
 13859 | Bailey   | Killed an orc knight
 13945 | Bailey   | Noticed an orc knight
 13994 | Bailey   | Demolished by an orc warrior

Illustrated notes

Levels and vault maps discovered:
D:1:      dpeg_arrival_round_c, layout_basic, basic_ecumenical_altar,
          hangedman_glass_teeth, minmay_box_of_dots
D:2:      layout_loops_ring
D:3:      layout_basic
D:4:      layout_loops_ring
D:5:      layout_gridville, led_sif_book, kennysheep_nub, uniq_edmund,
          uniq_duvessa, uniq_menkaure
D:6:      layout_rooms, mainiacjoe_overflow_24_doors,
          mainiacjoe_overflow_alcove_1, nicolae_ashenzari_skybound,
          minmay_temple_entry_overgrown, serial_shops, shop_statue,
          minivault_25, corexii_shack, grunt_decor_clamped
D:7:      layout_basic, nicolae_yredelemnul_corpse_copse,
          general_overflow_altar, lemuel_round_altar, uniq_pikel
D:8:      layout_loops_ring, lemuel_round_altar, serial_shops, shop,
          serial_bayou_pond_b
D:9:      layout_stronghold
D:10:     layout_layer_cave, kennysheep_little_box, minmay_lair_entry_grove,
          enter_bailey_2
Temple:   nicolae_temple_god_jail
Bailey:   bailey_polearm_5, bailey

Skill      XL: |  1  2  3  4  5  6  7  8  9 10 11 |
---------------+----------------------------------+-----
Fighting       | 1 2 3 4 6 7 9 10 | 10.7
Stealth        | 2 |  2.0
Dodging        | 3 4 5 6 7 8 |  8.6
Spellcasting   | 3 4 5 6 7 8 |  8.8
Armour         | 2 3 |  3.0
Invocations    | 2 4 5 |  5.0

Action                   |  1- 3 |  4- 6 |  7- 9 | 10-12 || total
-------------------------+-------+-------+-------+-------++-------
Melee: Dagger            |    12 |     4 |     6 |       ||    22
       Whip              |     5 |       |       |       ||     5
       Rapier            |       |       |    33 |    88 ||   121
       Unarmed           |       |       |    15 |    29 ||    44
 Cast: Shock             |    73 |    56 |   149 |   125 ||   403
       Magic Dart        |     4 |       |       |    12 ||    16
       Ensorcelled Hiber |       |     6 |     5 |       ||    11
       Static Discharge  |       |     6 |    50 |    90 ||   146
       Airstrike         |       |       |       |    32 ||    32
       Ice Form          |       |       |       |     1 ||     1
       Irradiate         |       |       |       |     1 ||     1
Invok: Heroism           |       |       |       |     3 ||     3
       Finesse           |       |       |       |     1 ||     1
Evoke: Wand              |       |       |     3 |     7 ||    10
  Use: Scroll            |     1 |       |     8 |    16 ||    25
       Potion            |     1 |       |     4 |     4 ||     9
 Stab: Sleeping          |       |     4 |     1 |       ||     5
       Distracted        |       |       |     1 |     1 ||     2
       Paralysed         |       |       |       |     5 ||     5
Armor: Leather armour    |    11 |     6 |    32 |    66 ||   115
       Skin              |       |       |     9 |    16 ||    25
Dodge: Dodged            |    22 |     8 |   173 |   321 ||   524
Block: Kite shield       |       |       |       |    44 ||    44

Table legend: (Time is in decaauts)
 A = Elapsed time spent in this place.
 B = Non-inter-level travel time spent in this place.
 C = Inter-level travel time spent in this place.
 D = Time resting spent in this place.
 E = Time spent auto-exploring this place.
 F = Levels seen in this place.
 G = Mean time per level.
                   A        B        C        D        E       F      G
               +--------+--------+--------+--------+--------+-----+--------+
         Total |  13982 |  13657 |    325 |   3831 |   8084 |  12 | 1165.2 |
       Dungeon |  13275 |  12961 |    314 |   3589 |   7943 |  10 | 1327.5 |
        Temple |     78 |     68 |     10 |      0 |     37 |   1 |   78.0 |
        Bailey |    628 |    628 |      0 |    242 |    104 |   1 |  628.0 |
               +--------+--------+--------+--------+--------+-----+--------+

Top non-repeatable levels by time:
     D:5: 2950 daAuts
     D:6: 1908 daAuts
     D:1: 1681 daAuts
     D:7: 1316 daAuts
     D:8: 1169 daAuts
     D:4: 1154 daAuts
     D:3: 1145 daAuts
     D:2: 1015 daAuts
     D:9: 789 daAuts
  Bailey: 628 daAuts
    D:10: 143 daAuts
  Temple: 78 daAuts
